 Dungeon Crawl Stone Soup version 0.28-a0-998-gb9e9c7b67e (webtiles) character file.

Game seed: 7541926479160562123

340 demibob the Slasher (level 6, -1/47 HPs)
             Began as a Demonspawn Wanderer on Dec 5, 2021.
             Was a Believer of Wu Jian.
             Slain by a gnoll (6 damage)
             ... on level 5 of the Dungeon.
             The game lasted 00:03:58 (4227 turns).

demibob the Slasher (Demonspawn Wanderer)           Turns: 4227, Time: 00:03:59

Health: -1/47      AC: 12    Str: 15    XL:     6   Next: 30%
Magic:  6/6        EV: 11    Int: 16    God:    Wu Jian [**....]
Gold:   150        SH:  4    Dex:  9    Spells: 5/5 levels left

rFire   . . .      SeeInvis .   a - +3 falchion
rCold   . . .      Faith    .   (no shield)
rNeg    . . .      Spirit   .   c - +0 robe
rPois   .          Reflect  .   (helmet restricted)
rElec   .          Harm     .   (no cloak)
rCorr   .          Rampage  .   (no gloves)
Will    .....                   (no boots)
Stlth   ++........              (no amulet)
HPRegen 0.15/turn               T - +4 ring of protection
MPRegen 0.20/turn               (no ring)

@: sanguine armoured
A: horns 1, magic regeneration, sanguine armour 1, condensation shield
a: Renounce Religion, Wall Jump


You were on level 5 of the Dungeon.
You worshipped Wu Jian.
Wu Jian was pleased with you.
You visited 1 branch of the dungeon, and saw 5 of its levels.

You collected 150 gold pieces.


Innate Abilities, Weirdness & Mutations

You have a pair of small horns on your head.
You regenerate magic rapidly.
When seriously injured, your blood forms armour. (AC +6)
A meltable shield of frost defends you. (SH +4)


   Skills:
 - Level 3.0 Fighting
 + Level 6.1 Long Blades
 - Level 1.0 Staves
 - Level 1.0 Dodging
 - Level 1.7 Stealth
 - Level 1.0 Evocations


You had 5 spell levels left.
You didn't know any spells.
Your spell library was empty.

Inventory:

Hand Weapons
 a - a +3 falchion (weapon)
 d - a +0 dagger
Armour
 c - a +0 robe (worn)
Jewellery
 T - a +4 ring of protection (left hand)
Wands
 f - a wand of iceblast (5)
Scrolls
 b - 5 scrolls of teleportation {@r2}
 h - a scroll of identify {@r1}
Potions
 e - 2 potions of curing {@q1}

Dungeon Overview and Level Annotations

Branches:
Dungeon (5/15)             Temple (0/1) D:5

Altars:
Wu Jian

####### ##### ......#
....# ......# ....#
......# ....# ......#
....# ##....# ....#
##....###########....###
...............†@g......
#.####################.#
#.# #.# ..# ..# ..# ###


You could see a gnoll.


Message History

You barely miss the gnoll. You headbutt the gnoll!
The gnoll is severely wounded.
You block the gnoll's attack. The gnoll misses you.
You barely miss the gnoll. Your headbutt misses the gnoll.
The gnoll is severely wounded.
The gnoll hits you from afar with a +0 halberd!
* * * LOW HITPOINT WARNING * * *
You closely miss the gnoll.
The gnoll is severely wounded.
The gnoll hits you with a +0 spear.
* * * LOW HITPOINT WARNING * * *
The gnoll closely misses you.
You slash the gnoll!
You kill the gnoll!
The Council accepts your kill.
You can now perform airborne attacks.
You block the gnoll's attack.
You lunge at the gnoll.
You hit the gnoll.
The gnoll is moderately wounded.
The gnoll closely misses you.
You see here a +0 spear.
You closely miss the gnoll.
The gnoll is moderately wounded.
The gnoll closely misses you.
You hit the gnoll.
The gnoll is heavily wounded.
You block the gnoll's attack.
You hit the gnoll.
The gnoll is almost dead.
The gnoll hits you with a +0 halberd.
You die...

Skill      XL: |  1  2  3  4  5 |
---------------+----------------+-----
Long Blades    | 2 3 4 5 6 |  6.1
Fighting       | |  3.0
Staves         | |  1.0
Dodging        | |  1.0
Stealth        | |  1.7
Evocations     | |  1.0

Action                   |  1- 3 |  4- 6 || total
-------------------------+-------+-------++-------
Melee: Falchion          |   136 |   114 ||   250
       Headbutt          |       |    14 ||    14
Invok: Lunge             |     1 |     9 ||    10
  Use: Scroll            |     3 |     1 ||     4
       Potion            |       |     4 ||     4
 Stab: Sleeping          |     3 |     3 ||     6
Armor: Robe              |    51 |    36 ||    87
Dodge: Dodged            |    90 |    62 ||   152
Block: Other             |    13 |    24 ||    37

Levels and vault maps discovered:
D:1:      dpeg_arrival_solitude, layout_basic
D:2:      layout_loops_cross, shapermc_ecumenical_altar_flowoftime
D:3:      layout_loops_ring
D:4:      layout_cave_pools
D:5:      layout_basic, minmay_temple_entry_junction

Notes
Turn   | Place    | Note
-------+----------+-------------------------------------------
     0 | D:1      | demibob the Demonspawn Wanderer began the quest for the
                  | Orb.
     0 | D:1      | demibob set off with the following items: a +2 falchion, 2
                  | scrolls of teleportation {@r2}, a +0 robe, a +0 dagger
     0 | D:1      | Reached XP level 1. HP: 18/18 MP: 1/1
   125 | D:1      | Reached skill level 2 in Long Blades
   374 | D:1      | Gained mutation: When seriously injured, your blood forms
                  | armour. (AC +6) [demonic ancestry]
   374 | D:1      | Reached XP level 2. HP: 22/24 MP: 2/2
   564 | D:1      | Reached skill level 3 in Long Blades
   750 | D:1      | Gained mutation: A meltable shield of frost defends you.
                  | (SH +4) [demonic ancestry]
   750 | D:1      | Reached XP level 3. HP: 19/29 MP: 3/3
  2015 | D:2      | Found a faded altar of an unknown god.
  2477 | D:2      | Prayed at the altar of an unknown god.
  2477 | D:2      | Became a worshipper of the Wu Jian Council
  2477 | D:2      | Reached * piety under Wu Jian
  2609 | D:3      | Reached skill level 4 in Long Blades
  2609 | D:3      | Gained mutation: You have a pair of small horns on your
                  | head. [demonic ancestry]
  2609 | D:3      | Reached XP level 4. HP: 35/35 MP: 4/4
  3587 | D:5      | Entered Level 5 of the Dungeon
  3859 | D:5      | Reached skill level 5 in Long Blades
  3859 | D:5      | Gained mutation: You regenerate magic rapidly. [demonic
                  | ancestry]
  3859 | D:5      | Reached XP level 5. HP: 31/41 MP: 5/5
  4163 | D:5      | Found a staircase to the Ecumenical Temple.
  4201 | D:5      | Noticed a necrophage
  4216 | D:5      | Killed a necrophage
  4217 | D:5      | Reached skill level 6 in Long Blades
  4217 | D:5      | Reached XP level 6. HP: 21/47 MP: 6/6
  4223 | D:5      | Reached ** piety under Wu Jian
  4227 | D:5      | Slain by a gnoll

Vanquished Creatures
  A necrophage (D:5)
  3 hounds (D:5)
  A centaur skeleton (D:4)
  A hound skeleton (D:5)
  2 gnolls
  4 adders
  A dart slug (D:1)
  6 endoplasms
  7 giant cockroaches
  2 goblins (D:1)
  4 hobgoblins
  8 jackals
  7 kobolds
  5 quokkas
  6 ball pythons
  7 bats
  3 frilled lizards
  3 rats
71 creatures vanquished.

Table legend: (Time is in decaauts)
 A = Elapsed time spent in this place.
 B = Non-inter-level travel time spent in this place.
 C = Inter-level travel time spent in this place.
 D = Time resting spent in this place.
 E = Time spent auto-exploring this place.
 F = Levels seen in this place.
 G = Mean time per level.
                   A        B        C        D        E       F      G
               +--------+--------+--------+--------+--------+-----+--------+
         Total |   4233 |   3991 |    242 |    243 |   3179 |   5 |  846.6 |
       Dungeon |   4233 |   3991 |    242 |    243 |   3179 |   5 |  846.6 |
               +--------+--------+--------+--------+--------+-----+--------+

Top non-repeatable levels by time:
     D:1: 1600 daAuts
     D:2: 967 daAuts
     D:3: 880 daAuts
     D:5: 634 daAuts
     D:4: 151 daAuts

Table legend:
 A = Non-vault XP
 B = Vault XP
 C = Vault XP percentage of total XP
 D = Non-vault monster count
 E = Vault monster count
 F = Vault count percentage of total count
                 A         B        C        D         E       F
            +---------+---------+-------+---------+---------+-------
      Total |     486 |       0 |   0.0 |      71 |       0 |   0.0
            +---------+---------+-------+---------+---------+-------
        D:1 |      66 |       0 |   0.0 |      31 |       0 |   0.0
        D:2 |      22 |       0 |   0.0 |      14 |       0 |   0.0
        D:3 |      58 |       0 |   0.0 |      15 |       0 |   0.0
        D:4 |      43 |       0 |   0.0 |       3 |       0 |   0.0
        D:5 |     297 |       0 |   0.0 |       8 |       0 |   0.0
            +---------+---------+-------+---------+---------+-------
